 Dungeon Crawl Stone Soup version 0.28.0 (webtiles) character file.

Game seed: 671674959620627212

109 zeram the Ducker (level 4, 0/23 HPs)
             Began as a Spriggan Fighter on Feb 5, 2022.
             Slain by Natasha (7 damage)
             ... on level 3 of the Dungeon.
             The game lasted 00:03:22 (3636 turns).

zeram the Ducker (Spriggan Fighter)                 Turns: 3636, Time: 00:03:22

Health: 0/23       AC:  3    Str: 12    XL:     4   Next: 59%
Magic:  5/5        EV: 21    Int: 11    God:
Gold:   71         SH:  6    Dex: 14    Spells: 3/3 levels left

rFire   . . .      SeeInvis +   a - +0 rapier
rCold   . . .      Faith    .   c - +0 buckler
rNeg    . . .      Spirit   .   d - +1 robe {Will+}
rPois   .          Reflect  .   (helmet restricted)
rElec   .          Harm     .   (no cloak)
rCorr   .          Rampage  .   (gloves unavailable)
Will    +....                   (boots unavailable)
Stlth   ++........              (no amulet)
HPRegen 0.07/turn               e - +4 ring of evasion
MPRegen 0.09/turn               (no ring)

@: very quick
A: very small, no large weapons, unfitting armour, see invisible, speed 3
a: no special abilities


You were on level 3 of the Dungeon.
You visited 1 branch of the dungeon, and saw 3 of its levels.

You collected 71 gold pieces.

Inventory:

Hand Weapons
 a - a +0 rapier (weapon)
Armour
 b - a +0 robe
 c - a +0 buckler (worn)
 d - a +1 robe of willpower (worn)
Jewellery
 e - a +4 ring of evasion (left hand)
 h - a ring of fire
Scrolls
 f - a scroll of identify
 i - a scroll of fog {unknown}
 k - a scroll of amnesia
Potions
 g - 2 potions of brilliance
 j - a potion of degeneration
 l - 3 potions of mutation {unknown}


   Skills:
 - Level 2.4 Fighting
 + Level 3.6 Short Blades
 + Level 5.1 Dodging
 - Level 1.3 Stealth
 + Level 2.8 Shields


You had 3 spell levels left.
You didn't know any spells.
Your spell library contained the following spells:

 Spells                   Type           Power      Damage    Failure   Level
 Slow                     Hex            0%         N/A       58%         1
 Ensorcelled Hibernation  Hex/Ice        0%         N/A       73%         2
 Passwall                 Tmut/Erth      0%         N/A       73%         2
 Confusing Touch          Hex            0%         N/A       91%         3
 Swiftness                Air            0%         N/A       91%         3
 Vampiric Draining        Necr           0%         2d6       91%         3


Dungeon Overview and Level Annotations

Branches:
Dungeon (3/15)

Altars:
Sif Muna

Annotations:
D:3 Natasha


Innate Abilities, Weirdness & Mutations

You are very small and have problems with some larger weapons.
You are too small for most types of armour.
You have supernaturally acute eyesight. (SInv)
You cover ground extremely quickly. (Speed+++)


Message History

You hit the orc but do no damage.
The orc is severely wounded.
The orc misses you.
You hit the orc.
You kill the orc!
No target in view!
No target in view!
Things that are here:
a +0 club; a +0 leather armour You pick up a book of Burglary and begin reading...
You add the spells Passwall, Ensorcelled Hibernation and Swiftness to your library.
Found a stone staircase leading up.
l - 3 green potions You now have 71 gold pieces (gained 7).
Things that are here:
a +0 club; a +0 leather armour 3 goblins and Natasha come into view.
The goblin shouts!
Natasha hisses angrily.
You hear a shout! x4
There are monsters nearby!
There are monsters nearby!
There are monsters nearby!
The goblin shouts!
You hit Natasha but do no damage. Natasha completely misses you.
You hit Natasha.
Natasha is moderately wounded.
Natasha claws you.
You barely miss Natasha.
Natasha is moderately wounded.
Natasha claws you!
You are too injured to fight recklessly!
You closely miss Natasha.
Natasha is moderately wounded.
Natasha claws you. You block Natasha's attack.
You hit Natasha.
Natasha is heavily wounded.
The goblin closely misses you. Natasha completely misses you.
You hit Natasha but do no damage.
Natasha is heavily wounded.
The goblin hits you with a +0 dagger. Natasha claws you!
You die...

##### #)##.#
.....
##.##.#
#####
#...#.#
#.....#
#...#.#
#####.# #.#
######g####
#....g.g@h.#
#.#####.##.#
#.# # #.#
..# #.# #..
#.


You could see Natasha and 3 goblins.

Vanquished Creatures
  Jessica (D:2)
  2 adders
  An ufetubus (D:2)
  A worm (D:2)
  2 dart slugs
  2 orcs (D:3)
  2 endoplasms
  A giant cockroach (D:2)
  7 goblins
  3 hobgoblins
  7 jackals
  A quokka (D:1)
  8 ball pythons
  7 bats
  3 frilled lizards
  A rat (D:1)
49 creatures vanquished.

Notes
Turn   | Place    | Note
-------+----------+-------------------------------------------
     0 | D:1      | zeram the Spriggan Fighter began the quest for the Orb.
     0 | D:1      | Reached XP level 1. HP: 11/11 MP: 2/2
   704 | D:1      | Reached XP level 2. HP: 16/16 MP: 3/3
  1327 | D:1      | Found a faded altar of an unknown god.
  1597 | D:1      | Reached XP level 3. HP: 16/19 MP: 4/4
  2649 | D:2      | Noticed Jessica
  2653 | D:2      | Killed Jessica
  2654 | D:2      | Reached skill level 5 in Dodging
  2654 | D:2      | Reached XP level 4. HP: 21/23 MP: 5/5
  2715 | D:2      | Reached skill level 1 in Stealth
  3015 | D:2      | Found a shimmering blue altar of Sif Muna.
  3629 | D:3      | Noticed Natasha
  3636 | D:3      | Slain by Natasha

Illustrated notes

Levels and vault maps discovered:
D:1:      onia_arrival_mini_maze, layout_basic,
          shapermc_ecumenical_altar_ellora, minmay_liquid_box,
          hangedman_glass_garden
D:2:      layout_basic, basic_altar, uniq_jessica
D:3:      layout_loops_ring, serial_bayou_pond_e, saegor_snake_ambush,
          uniq_robin, uniq_natasha

Skill      XL: |  1  2  3  4 |
---------------+-------------+-----
Short Blades   | 3 |  3.6
Dodging        | 5 |  5.1
Stealth        | 1 |  1.3
Fighting       | |  2.4
Shields        | |  2.8

Action                   |  1- 3 |  4- 6 || total
-------------------------+-------+-------++-------
Melee: Rapier            |   118 |    60 ||   178
  Use: Scroll            |     5 |       ||     5
       Potion            |     1 |       ||     1
 Stab: Sleeping          |       |     2 ||     2
Armor: Robe              |     9 |     7 ||    16
Dodge: Dodged            |    73 |    42 ||   115
Block: Buckler           |    35 |    25 ||    60
